 Dungeon Crawl Stone Soup version 0.28.0-53-g5a82cb258f (webtiles) character file.

Game seed: 9032564962349233321

44 Neuros91 the Cudgeller (level 3, 0/29 HPs)
             Began as a Human Berserker on June 15, 2022.
             Was a Believer of Trog.
             Slain by a gnoll
             ... wielding a +0 halberd
              (8 damage)
             ... on level 2 of the Dungeon.
             The game lasted 00:04:08 (1306 turns).

Neuros91 the Cudgeller (Human Berserker)            Turns: 1306, Time: 00:04:09

Health: 0/29       AC:  6    Str: 19    XL:     3   Next: 87%
Magic:  3/3        EV: 11    Int:  7    God:    Trog [**....]
Gold:   55         SH:  0    Dex: 12    Spells: 2/2 levels left

rFire   . . .      SeeInvis .   a - +0 mace
rCold   . . .      Faith    .   (no shield)
rNeg    . . .      Spirit   .   f - +1 ring mail
rPois   .          Reflect  .   (no helmet)
rElec   .          Harm     .   (no cloak)
rCorr   .          Rampage  .   (no gloves)
Will    .....                   (no boots)
Stlth   +.........              (no amulet)
HPRegen 0.09/turn               (no ring)
MPRegen 0.08/turn               (no ring)

@: no status effects
A: no striking features
a: Renounce Religion, Berserk, Trog's Hand


You were on level 2 of the Dungeon.
You worshipped Trog.
Trog was pleased with you.
You visited 1 branch of the dungeon, and saw 2 of its levels.

You collected 55 gold pieces.

Inventory:

Hand Weapons
 a - a +0 mace (weapon)
Armour
 b - a +0 animal skin
 f - a +1 ring mail (worn)
Scrolls
 e - 2 scrolls of fear {unknown}
Potions
 c - a potion of ambrosia {unknown}
 d - a potion of brilliance {unknown}


   Skills:
 + Level 3.4 Fighting
 + Level 3.4 Maces & Flails
 + Level 2.6 Armour
 + Level 2.4 Dodging


You had 2 spell levels left.
You didn't know any spells.
Your spell library was empty.

Dungeon Overview and Level Annotations

Branches:
Dungeon (2/15)

Altars:


Message History

You thump the gnoll!
The gnoll is severely wounded.
The gnoll barely misses you.
You hit the gnoll.
The gnoll is almost dead.
A gnoll comes into view. It is wielding a +0 club.
The gnoll hits you but does no damage.
The gnoll moves out of view.
You closely miss the gnoll.
The gnoll is almost dead.
A gnoll comes into view. It is wielding a +0 halberd.
The gnoll hits you but does no damage.
You barely miss the gnoll.
The gnoll is almost dead.
The gnoll closely misses you.
You hit the gnoll.
You kill the gnoll!
Trog accepts your kill. The gnoll closely misses you.
The gnoll hits you with a +0 halberd!
Things that are here:
a +0 whip; a gnoll corpse You hit the gnoll.
The gnoll is moderately wounded.
The gnoll hits you with a +0 halberd!
* * * LOW HITPOINT WARNING * * *
You are too injured to fight recklessly!
You are too injured to fight recklessly!
You are too injured to fight recklessly!
You are too injured to fight recklessly!
You are too injured to fight recklessly!
You are too injured to fight recklessly!
You are too injured to fight recklessly!
Okay, then.
You barely miss the gnoll.
The gnoll is moderately wounded.
The gnoll barely misses you.
You hit the gnoll.
The gnoll is severely wounded.
The gnoll barely misses you. The gnoll hits you with a +0 halberd!
You die...

....
..............#.#
.....
..###.####..###.#
...... ..###.#
#..# #.# .....
#..###.#
#..###......#
#.......#####
#.#.....#
###.#..######
#..g@.........
#.#.#..#######
#.#..# #.#..#
#.#... #.##.## #.
#.# #. .#


You could see a gnoll.

Vanquished Creatures
  A gnoll (D:2)
  A dart slug (D:1)
  3 ball pythons (D:1)
  2 endoplasms
  4 goblins (D:1)
  3 hobgoblins (D:1)
  5 jackals (D:1)
  2 quokkas (D:1)
  2 bats (D:1)
  4 frilled lizards
  2 kobolds (D:1)
  3 rats (D:1)
32 creatures vanquished.

Notes
Turn   | Place    | Note
-------+----------+-------------------------------------------
     0 | D:1      | Neuros91 the Human Berserker began the quest for the Orb.
     0 | D:1      | Reached XP level 1. HP: 18/18 MP: 1/1
   321 | D:1      | Reached XP level 2. HP: 20/24 MP: 2/2
   786 | D:1      | Reached ** piety under Trog
   789 | D:1      | Reached XP level 3. HP: 22/29 MP: 3/3
  1078 | D:1      | Found a faded altar of an unknown god.
  1306 | D:2      | Slain by a gnoll

Illustrated notes

Levels and vault maps discovered:
D:1:      amcnicky_arrival_flooded_fountain, layout_basic,
          basic_ecumenical_altar
D:2:      layout_basic, kennysheep_generic_room_7

Action                   || total
-------------------------++-------
Melee: Mace              ||   107
       Punch             ||     1
  Use: Scroll            ||     3
Armor: Animal skin       ||     7
       Ring mail         ||    25
Dodge: Dodged            ||    82
